 Dungeon Crawl Stone Soup version 0.31.0-11-ge490571c62 (webtiles) character file.

Game seed: 334736773470472802

731 SnakkuSnakku7 the Insei (level 7, -1/56 HPs)
             Began as a Merfolk Air Elementalist on Jan 31, 2024.
             Was an Initiate of Ru.
             Slain by an ufetubus (3 damage)
             ... on level 4 of the Dungeon.
             The game lasted 00:08:53 (5340 turns).

SnakkuSnakku7 the Insei (Merfolk Air Elementalist)  Turns: 5340, Time: 00:08:55

Health: -1/56      AC:  9    Str: 10    XL:     7   Next: 73%
Magic:  10/10      EV:  9    Int: 15    God:    Ru [......]
Gold:   182        SH:  0    Dex: 17    Spells: 9/10 levels left

rFire   . .          .
                       - Unarmed
rCold   . . .        (no shield)
rNeg    . . .        f - +2 scale mail "Trusted Companion" {Dex+3}
rPois   .            (no helmet)
rElec   .            (no cloak)
rCorr   .            n - +0 pair of gloves
SInv    .            (no boots)
Will    +....        (no amulet)
Stlth   +            r - ring of willpower
HPRegen 0.29/turn    (no ring)
MPRegen 0.12/turn

%: no passive effects
@: about to teleport
A: (nimble swimmer 2), mertail
a: Renounce Religion


You were on level 4 of the Dungeon.
You worshipped Ru.
Ru was noncommittal.
You visited 1 branch of the dungeon, and saw 5 of its levels.

You collected 182 gold pieces.

Inventory:

Missiles
 e - 4 throwing nets
 k - 12 poisoned darts (quivered)
Armour
 a - a +0 robe
 f - the +2 scale mail "Trusted Companion" (worn) {Dex+3}
   (You found it on level 5 of the Dungeon)

   Dex+3:     It affects your dexterity (+3).
 i - a +0 ring mail
 n - a +0 pair of gloves (worn)
Jewellery
 r - a ring of willpower (left hand)
Wands
 c - a wand of digging (6)
Scrolls
 d - a scroll of blinking
 g - 2 scrolls of enchant armour {unknown}
 h - 2 scrolls of immolation
 j - a scroll of vulnerability {unknown}
 l - a scroll of enchant weapon {unknown}
 o - a scroll of brand weapon {unknown}
 p - 2 scrolls of fog
Potions
 b - a potion of magic
 q - a potion of mutation


   Skills:
 - Level 5.0 Fighting
 - Level 2.6 Dodging
 - Level 2.1 Stealth
 + Level 7.3 Unarmed Combat
 - Level 2.0 Spellcasting
 - Level 0.7 Conjurations
 - Level 2.4 Air Magic


You had 9 spell levels left.
You knew the following spells:

 Your Spells              Type           Power      Damage    Failure   Level
a - Shock                 Conj/Air       24%        1d4       65%         1

Your spell library contained the following spells:

 Spells                   Type           Power      Damage    Failure   Level
 Static Discharge         Conj/Air       12%        3-4/arc   78%         2
 Swiftness                Air            8%         N/A       88%         3
 Call Canine Familiar     Summ           1%         N/A       99%         3
 Sigil of Binding         Hex            1%         N/A       99%         3
 Airstrike                Air            4%         2d(1-17)  99%         4
 Dimensional Bullseye     Hex/Tloc       0%         N/A       100%        4


Dungeon Overview and Level Annotations

Branches:
Dungeon (5/15)
 Temple: D:4-7

Altars:
Cheibriados
Ru

Annotations:
D:2 Sigmund


Innate Abilities, Weirdness & Mutations

((You are very nimble when in or above water. (Stealth+, EV+, Speed+++)))
Your lower body shifts to a powerful aquatic tail in water.


Message History

The ufetubus hits you but does no damage.
The ufetubus hits you.
The ufetubus hits you but does no damage.
You climb upwards.
The gnoll barely misses you.
There is a stone staircase leading down here.
The gnoll shouts!
You hit the gnoll bouda.
The gnoll bouda is lightly wounded.
The ufetubus completely misses you. The ufetubus hits you.
You are too injured to fight recklessly!
You are too injured to fight recklessly!
Unknown command.
The ufetubus hits you. The ufetubus barely misses you.
The gnoll bouda hits you with a +0 hand axe.
The gnoll hits you but does no damage.
The ufetubus hits you but does no damage.
The ufetubus hits you.
You climb downwards.
There is a stone staircase leading up here.
Okay, then.
The gnoll bouda hits you but does no damage.
The ufetubus hits you but does no damage.
The ufetubus closely misses you. The gnoll closely misses you.
You climb upwards.
There is a stone staircase leading down, spattered with blood here.
As you read the scroll of teleportation, it crumbles to dust.
You feel strangely unstable. The ufetubus barely misses you.
The ufetubus misses you.
The gnoll bouda hits you with a +0 hand axe.
The gnoll closely misses you. The gnoll hits you with a +0 flail!
* * * LOW HITPOINT WARNING * * *
The ufetubus hits you but does no damage. x2
Okay, then.
You closely miss the gnoll bouda.
The gnoll bouda is lightly wounded.
The gnoll bouda hits you with a +0 hand axe!
* * * LOW HITPOINT WARNING * * *
The gnoll closely misses you. The ufetubus closely misses you.
The ufetubus hits you.
You die...

################
#<.............#
##############.# #
#.# # #######.# #
#@g...#.# #
#5g##.#.# #
#g.##.#.# #
#.....#.# ##### #
###'##....####...# #
#....#.......#.#.###
#....###..##...#....
#....# #..###.....##
#....# #....##.##)##


You could see a gnoll bouda, 2 gnolls and an ufetubus.

Vanquished Creatures
  Grinder (D:4)
  A bombardier beetle (D:3)
  A hound (D:4)
  An orc priest (D:3)
  A sleepcap (D:4)
  Jessica (D:2)
  2 iguanas
  4 orc wizards
  10 gnolls
  3 adders
  An ufetubus (D:5)
  A dart slug (D:1)
  2 ribbon worms
  6 orcs
  8 endoplasms
  4 giant cockroaches
  3 goblins
  9 hobgoblins
  7 jackals
  5 quokkas
  4 ball pythons
  9 bats
  2 frilled lizards (D:1)
  9 kobolds
  5 rats
100 creatures vanquished.

Vanquished Creatures (others)
  An orc wizard (D:3)
1 creature vanquished.

Grand Total: 101 creatures vanquished

Notes
Turn   | Place    | Note
-------+----------+-------------------------------------------
     0 | D:1      | SnakkuSnakku7 the Merfolk Air Elementalist began the quest
                  | for the Orb.
     0 | D:1      | Reached XP level 1. HP: 13/13 MP: 3/3
   243 | D:1      | Reached skill level 1 in Fighting
   243 | D:1      | Reached skill level 1 in Unarmed Combat
   243 | D:1      | Reached XP level 2. HP: 11/21 MP: 5/5
   486 | D:1      | Reached XP level 3. HP: 24/27 MP: 1/6
   573 | D:1      | Reached skill level 2 in Unarmed Combat
  1440 | D:2      | Noticed Sigmund
  1573 | D:2      | Identified the +1 whip of Wicos {drain, ^Contam rElec rPois
                  | Dex+5}
  1702 | D:2      | Noticed Jessica
  1706 | D:2      | Killed Jessica
  1707 | D:2      | Reached XP level 4. HP: 20/34 MP: 7/7
  2005 | D:3      | Reached skill level 3 in Unarmed Combat
  2237 | D:3      | Reached XP level 5. HP: 41/41 MP: 8/8
  2359 | D:2      | HP: 2/41 [gnoll bouda/+0 club (6)]
  2717 | D:3      | Found a snail-covered altar of Cheibriados.
  2965 | D:3      | Reached skill level 4 in Unarmed Combat
  3048 | D:3      | Reached XP level 6. HP: 46/48 MP: 9/9
  3785 | D:4      | Found a sacrificial altar of Ru.
  3804 | D:4      | Became a worshipper of Ru the Awakened
  3870 | D:4      | Reached skill level 5 in Fighting
  3870 | D:4      | Reached skill level 5 in Unarmed Combat
  4355 | D:4      | Reached XP level 7. HP: 11/56 MP: 10/10
  4690 | D:4      | Noticed Grinder
  4769 | D:4      | Killed Grinder
  4770 | D:4      | Reached skill level 7 in Unarmed Combat
  5288 | D:5      | Entered Level 5 of the Dungeon
  5300 | D:5      | Identified the +2 scale mail "Trusted Companion" {Dex+3}
  5340 | D:4      | HP: 2/56 [gnoll bouda/+0 hand axe (10)]
  5340 | D:4      | Slain by an ufetubus

Illustrated notes

Levels and vault maps discovered:
D:1:      nagdon_arrival_zigzag_paths, layout_basic
D:2:      layout_basic, uniq_jessica, uniq_sigmund
D:3:      layout_loops_corners, slow_altar_2, chequers_serial_rivers_marsh,
          solitary_fountain
D:4:      layout_basic, mainiacjoe_overflow_catwalk, uniq_grinder
D:5:      lemuel_insect_pit, layout_loops_ring,
          mainiacjoe_overflow_tiny_flanked, worldfamousw_hep_ancestral_shrine,
          makhleb_blood_cavern_becter, temple_statues, st_stairs_4,
          uniq_menkaure

Skill      XL: |  1  2  3  4  5  6  7 |
---------------+----------------------+-----
Fighting       | 1 2 3 4 5 |  5.0
Unarmed Combat | 1 2 3 4 5 7 |  7.3
Dodging        | |  2.6
Stealth        | |  2.1
Spellcasting   | |  2.0
Conjurations   | |  0.7
Air Magic      | |  2.4

Action                     |  1- 3 |  4- 6 |  7- 9 || total
---------------------------+-------+-------+-------++-------
  Melee: Unarmed           |   147 |   237 |    87 ||   471
         Punch             |     2 |    10 |     1 ||    13
         Tailslap          |       |     8 |       ||     8
  Throw: Dart              |       |    11 |       ||    11
         Throwing net      |       |     2 |       ||     2
   Cast: Shock             |    37 |       |       ||    37
  Evoke: Wand              |       |     2 |       ||     2
    Use: Potion            |       |     2 |       ||     2
         Scroll            |       |     5 |     3 ||     8
   Stab: Sleeping          |       |     1 |     1 ||     2
 Armour: Robe              |    62 |       |       ||    62
         Ring mail         |    39 |   187 |    34 ||   260
         Scale mail        |       |       |    37 ||    37
  Dodge: Dodged            |    86 |   127 |    48 ||   261
